 Dungeon Crawl Stone Soup version 0.29-a0-902-g0f71de6fce (webtiles) character file.

Game seed: 10765311386298845889

567 Noren the Magician (level 7, 47/52 HPs)
             Began as a Green Draconian Hedge Wizard on Oct 30, 2020.
             Quit the game on level 5 of the Dungeon on Dec 24, 2022.
             The game lasted 00:21:24 (5411 turns).

Noren the Magician (Green Draconian Hedge Wizard)   Turns: 5411, Time: 00:21:25

Health: 47/52      AC:  8    Str: 13    XL:     7   Next: 11%
Magic:  5/14       EV: 12    Int: 19    God:
Gold:   323        SH:  0    Dex: 10    Spells: 4/15 levels left

rFire   . . .      SeeInvis .   a - +3 dagger of Voth {protect, Int+3}
rCold   . . .      Faith    .   (no shield)
rNeg    . . .      Spirit   +   (body armour unavailable)
rPois   +          Reflect  .   x - +0 hat
rElec   .          Harm     .   (no cloak)
rCorr   .          Rampage  .   (no gloves)
Will    .....                   z - +1 pair of boots
Stlth   ++........              h - amulet of guardian spirit
HPRegen 0.17/turn               (no ring)
MPRegen 0.14/turn               (no ring)

@: no status effects
A: breathe noxious fumes, AC +6, unfitting armour, poison resistance,
cold-blooded
a: Breathe Noxious Fumes


You were on level 5 of the Dungeon.
You visited 1 branch of the dungeon, and saw 5 of its levels.

You collected 323 gold pieces.

Inventory:

Hand Weapons
 a - the +3 dagger of Voth (weapon) {protect, Int+3}
   (You found it on level 5 of the Dungeon)

   It grants its wielder temporary protection when it strikes (+7 to AC).
   Int:       It affects your intelligence (+3).
 b - a +2 dagger of venom
 j - a +0 dagger
Missiles
 g - 4 atropa-tipped darts (quivered)
Armour
 x - a +0 hat (worn)
 z - a +1 pair of boots (worn)
Jewellery
 h - an amulet of guardian spirit (around neck)
Wands
 d - a wand of iceblast (7)
 y - a wand of acid (8)
Scrolls
 e - a scroll of amnesia {unknown}
 k - 2 scrolls of noise {unknown}
 l - a scroll of enchant weapon {unknown}
 m - 3 scrolls of fog {unknown}
 n - a scroll of blinking {unknown}
 o - a scroll of immolation {unknown}
 q - 2 scrolls of fear {unknown}
 t - a scroll of enchant armour {unknown}
 w - 3 scrolls of identify
 A - a scroll of summoning {unknown}
Potions
 c - a potion of magic
 f - 2 potions of might
 i - a potion of ambrosia
 p - 2 potions of flight {unknown}
 r - a potion of lignification {unknown}
 s - 2 potions of curing
 u - a potion of resistance {unknown}
 v - 2 potions of heal wounds {unknown}


   Skills:
 + Level 1.1 Fighting
 + Level 2.8 Short Blades
 + Level 2.6 Dodging
 + Level 2.6 Stealth
 + Level 4.8 Spellcasting
 * Level 2.6 Conjurations
 + Level 2.7 Summonings
 + Level 1.0 Translocations
 + Level 0.1 Fire Magic
 * Level 2.4 Poison Magic


You had 4 spell levels left.
You knew the following spells:

 Your Spells              Type           Power      Damage    Failure   Level
b - Blink                 Tloc           16%        N/A       13%         2
d - Mephitic Cloud        Conj/Pois/Air  10%        N/A       19%         3
f - Magic Dart            Conj           56%        1d5       4%          1
g - Conjure Flame         Conj/Fire      9%         6-21      22%         3
w - Call Imp              Summ           14%        N/A       6%          2

Your spell library contained the following spells:

 Spells                   Type           Power      Damage    Failure   Level
 Slow                     Hex            16%        N/A       13%         1


Dungeon Overview and Level Annotations

Branches:
Dungeon (5/15)
 Temple: D:4-7

Altars:
Ashenzari
Ru

Annotations:
D:5 Ijyb, Sigmund


Innate Abilities, Weirdness & Mutations

You can breathe blasts of noxious fumes.
Your lurid green scales are hard. (AC +6)
You cannot fit into any form of body armour.
Your system is resistant to poisons. (rPois)
You are cold-blooded and may be slowed by cold attacks.


Message History

The hound appears confused.
The hound misses you.
The howler monkey is engulfed in noxious fumes.
The howler monkey appears confused.
Your white imp gestures at Ijyb.
The puff of frost hits the hound!
Ijyb is engulfed in noxious fumes.
Ijyb appears confused.
Ijyb completely misses the howler monkey.
Casting: Call Imp (safe; 6% risk of failure)
Confirm with . or Enter, or press ? or * to list all spells.
A beastly little devil appears in a puff of flame.
The hound is engulfed in noxious fumes.
The hound appears confused.
The hound bites your white imp.
The howler monkey is engulfed in noxious fumes.
The howler monkey appears confused.
Your white imp hits the hound.
Your white imp freezes the hound.
The hound dies!
Ijyb is engulfed in noxious fumes.
Ijyb appears confused.
Your white imp disappears in a puff of smoke!
The howler monkey is engulfed in noxious fumes.
The howler monkey appears confused.
Ijyb is engulfed in noxious fumes.
Ijyb appears confused.
Something says, "Why is everything spinning?"
The howler monkey is engulfed in noxious fumes.
The howler monkey appears confused.
The howler monkey completely misses Ijyb.
Something misses your crimson imp.
You see here 24 sling bullets.
Something mumbles something.
You see here a hound corpse.
Your crimson imp blinks!
You have got your breath back.
You see here 20 arrows.
Saving game... please wait.
Level annotation: Ijyb, Sigmund Welcome back, Noren the Green Draconian Hedge Wizard.
Press ? for a list of commands and other information.
Okay, then.
Save game and exit?
Okay, then.
Are you sure you want to abandon this character and quit the game? (Confirm with "yes".)

##### #...# #...#
##########...##############
#>..5.....(@..............##
#.#######################..#
#...# ##.# ##.#.# #.. +..#.#
##. ##.#.######## #.
#..........# #. #.†...(....#
#. #..........# #.


You could see a friendly crimson imp (summoned).

Vanquished Creatures
  An ice beast (D:5)
  A bullfrog skeleton (D:5)
  2 hounds
  An orc priest (D:3)
  2 iguanas (D:4)
  Natasha (twice) (D:3)
  A killer bee zombie (D:5)
  A hound zombie (D:5)
  A hound skeleton (D:5)
  9 adders
  An adder skeleton (D:4)
  A worm (D:3)
  A dart slug (D:3)
  6 orcs
  3 removed leopard geckos
  A ball python (D:2)
  2 giant cockroaches (D:1)
  12 goblins
  9 hobgoblins
  A quokka (D:4)
  4 bats
  4 frilled lizards
  3 kobolds
  4 rats
73 creatures vanquished.

Vanquished Creatures (collateral kills)
  2 hounds
  Natasha (D:3)
  Robin (D:1)
  A gnoll (D:4)
  2 endoplasms (D:1)
  3 orcs (D:3)
  A ball python (D:2)
  3 goblins (D:2)
  2 hobgoblins (D:1)
  A bat (D:1)
17 creatures vanquished.

Grand Total: 90 creatures vanquished

Notes
Turn   | Place    | Note
-------+----------+-------------------------------------------
     0 | D:1      | Noren the Draconian Hedge Wizard began the quest for the
                  | Orb.
     0 | D:1      | Reached XP level 1. HP: 14/14 MP: 4/4
   196 | D:1      | Reached XP level 2. HP: 18/20 MP: 6/6
   200 | D:1      | Learned a level 2 spell: Call Imp
   203 | D:1      | Learned a level 2 spell: Blink
   727 | D:1      | Reached XP level 3. HP: 17/26 MP: 6/8
  1460 | D:2      | Noticed Robin
  1527 | D:1      | Killed Robin
  1837 | D:2      | Reached skill level 1 in Short Blades
  2018 | D:2      | Reached XP level 4. HP: 33/33 MP: 4/9
  2949 | D:3      | Reached skill level 4 in Spellcasting
  3105 | D:3      | Found a sacrificial altar of Ru.
  3202 | D:3      | Noticed Natasha
  3212 | D:3      | Killed Natasha
  3295 | D:3      | Found a broken altar of Ashenzari.
  3311 | D:3      | Noticed Natasha
  3324 | D:3      | Killed Natasha
  3324 | D:3      | Reached XP level 5. HP: 20/39 MP: 3/11
  3863 | D:3      | Noticed Natasha
  3872 | D:3      | Killed Natasha
  3973 | D:3      | Learned a level 3 spell: Conjure Flame
  3977 | D:3      | Learned a level 3 spell: Mephitic Cloud
  4502 | D:4      | Reached XP level 6. HP: 46/46 MP: 12/12
  4965 | D:5      | Entered Level 5 of the Dungeon
  4978 | D:5      | Got a fading dagger
  4987 | D:5      | Identified the +3 dagger of Voth {protect, Int+3} (You
                  | found it on level 5 of the Dungeon)
  5108 | D:5      | Reached skill level 1 in Fighting
  5189 | D:5      | Reached skill level 1 in Poison Magic
  5244 | D:5      | Noticed an ice beast
  5329 | D:5      | Noticed Sigmund
  5339 | D:5      | Noticed Ijyb
  5374 | D:5      | Killed an ice beast
  5374 | D:5      | Your scales start taking on a lurid green colour.
  5374 | D:5      | Reached XP level 7. HP: 41/52 MP: 2/14
  5374 | D:5      | Gained mutation: Your system is resistant to poisons.
                  | (rPois) [Green Draconian growth]
  5411 | D:5      | Upgraded the game from 0.26-a0-710-g95a0c6c400 to
                  | 0.29-a0-902-g0f71de6fce
  5411 | D:5      | Quit the game

Illustrated notes

Levels and vault maps discovered:
D:1:      psy_arrival_dodecagon, layout_basic, chequers_serial_rivers_large_b
D:2:      layout_basic, hex_medium, minmay_misc_feat_iff, minmay_cut_off,
          uniq_robin
D:3:      layout_rooms, nicolae_overflow_crystal_walls, evilmike_ruin_ashenzari,
          uniq_natasha
D:4:      layout_loops_ring, minmay_misc_feat_rows, cheibrodos_gnoll_hut
D:5:      layout_basic, nemelex_xobeh_ov_fountains_minmay, lemuel_doored_altar,
          minmay_temple_entry_overgrown, basic_altar, uniq_sigmund, uniq_edmund,
          uniq_ijyb

Skill      XL: |  1  2  3  4  5  6 |
---------------+-------------------+-----
Stealth        | 2 |  2.6
Dodging        | 2 |  2.6
Short Blades   | 1 2 |  2.8
Spellcasting   | 4 |  4.8
Summonings     | 2 |  2.7
Conjurations   | 2 |  2.6
Fighting       | 1 |  1.1
Poison Magic   | 2 |  2.4
Translocations | |  1.0
Fire Magic     | |  0.1

Action                   |  1- 3 |  4- 6 |  7- 9 || total
-------------------------+-------+-------+-------++-------
Melee: Dagger            |   108 |   182 |       ||   290
       Tailslap          |    10 |    20 |       ||    30
 Cast: Magic Dart        |    29 |    27 |       ||    56
       Call Imp          |    15 |    24 |     1 ||    40
       Conjure Flame     |       |     6 |       ||     6
       Mephitic Cloud    |       |     1 |       ||     1
 Abil: Breathe Noxious F |       |       |     1 ||     1
  Use: Scroll            |     1 |     2 |       ||     3
 Stab: Sleeping          |       |     8 |       ||     8
Armor: Skin              |    34 |    49 |     1 ||    84
Dodge: Dodged            |    72 |   114 |     2 ||   188

Table legend: (Time is in decaauts)
 A = Elapsed time spent in this place.
 B = Non-inter-level travel time spent in this place.
 C = Inter-level travel time spent in this place.
 D = Time resting spent in this place.
 E = Time spent auto-exploring this place.
 F = Levels seen in this place.
 G = Mean time per level.
                   A        B        C        D        E       F      G
               +--------+--------+--------+--------+--------+-----+--------+
         Total |   5460 |   5251 |    209 |   1001 |   2673 |   5 | 1092.0 |
       Dungeon |   5460 |   5251 |    209 |   1001 |   2673 |   5 | 1092.0 |
               +--------+--------+--------+--------+--------+-----+--------+

Top non-repeatable levels by time:
     D:2: 1646 daAuts
     D:1: 1296 daAuts
     D:3: 1168 daAuts
     D:4: 913 daAuts
     D:5: 435 daAuts
